AoeStats
← GOLDFISH

Oasis

509011491Analyzed
3v3 RM · 9d ago on Sep 25, 2026· 28m 17s· 6 players
Game mode
Random Map
Map size
Normal (6 player)
Population
200
Speed
Normal
Resources
Standard
Victory
Conquest
Starting age
Dark Age
Ending age
Imperial Age
RankedLock teamsTeams togetherTeam positionsShared explorationLock speedFull tech treeHidden civsTurbo modeCheats
Victory
Defeat
🇺🇸 Saxons · United States
954
+14
🇺🇸 Saxons · United States
932
+15
🇺🇸 Danes · United States
881
+18
🇦🇷 Spanish · Argentina
929
-15
🇨🇱 Goths · Chile
911
-45
🇦🇷 Persians · Argentina
911
-45
GOLDFISH
11:56 Feudal Age
10:13 Loom
14:46 Man-at-Arms
21:11 Horse Collar
26:02 Castle Age
EL AK SIEMPRE AL 10
14:16 Feudal Age
18:29 Double-Bit Axe
21:16 Castle Age
19:05 Horse Collar
jfjfjjfjf
12:21 Feudal Age
15:32 Double-Bit Axe
28:56 Castle Age
JoshMosh
8:49 Loom
11:36 Feudal Age
19:40 Castle Age
18:00 Horse Collar
18:43 Double-Bit Axe
19:02 Loom
20:43 Town Watch
25:26 Forging
26:42 Scale Mail Armor
29:04 Redemption
I AM DeadShot!
2:24 Loom
9:39 Feudal Age
8:47 Loom
9:26 Loom
9:44 Man-at-Arms
11:41 Double-Bit Axe
15:47 Castle Age
14:36 Horse Collar
19:56 Arson
20:15 Squires
21:56 Scale Mail Armor
23:03 Forging
24:03 Wheelbarrow
25:10 Hand Cart
25:37 Chain Mail Armor
25:46 Town Watch
28:04 Iron Casting
31:08 Imperial Age
TuftedNut28
10:49 Feudal Age
11:50 Double-Bit Axe
17:39 Castle Age
15:36 Horse Collar
18:24 Stone Mining
19:24 Bow Saw
19:46 Gold Mining
20:55 Scale Mail Armor
21:07 Forging
21:58 Wheelbarrow
24:00 Iron Casting
23:35 Loom
26:51 Arson
27:07 Squires
27:33 Hand Cart
Connection lost

Rejoining the realm…

Still unreachable

The connection could not be restored.

Session expired

The server has moved on; the page needs a fresh start.